 Dungeon Crawl Stone Soup version 0.13.1-27-ga479965 (webtiles) character file.

120 Chiseanne the Firebug (level 3, 0/24 HPs)
             Began as a Mummy Fire Elementalist on Feb 12, 2014.
             Shot with a stone by a goblin (3 damage)
             ... on Level 2 of the Dungeon.
             The game lasted 00:04:47 (2063 turns).

Chiseanne the Firebug (Mummy Fire Elementalist)     Turns: 2063, Time: 00:04:47

HP   0/24        AC  2     Str 11      XL: 3   Next: 30%
MP   3/6         EV 12     Int 15      God:
Gold 80          SH  0     Dex 12      Spells:  2 memorised,  2 levels left

Res.Fire  : x . .   See Invis. : .   e - +1 dwarf hand axe {*Whiskercut*}
Res.Cold  : + . .   Warding    : .   a - +0 robe
Life Prot.: + + +   Conserve   : .   (no shield)
Res.Poison: +       Res.Corr.  : .   (no helmet)
Res.Elec. : .       Clarity    : .   (no cloak)
Sust.Abil.: . .     Spirit.Shd : .   (no gloves)
Res.Mut.  : .       Stasis     : .   (no boots)
Res.Rott. : +       Flight     : .   (no amulet)
Saprovore : . . .                    (no ring)
                                     (no ring)

@: very slightly contaminated, slightly resistant to hostile enchantments,
unstealthy
A: no food or potions, fire vulnerability, restore body, cold resistance 1, life
protection 3, poison resistance, torment resistance, unbreathing
a: no special abilities


You were on level 2 of the Dungeon.
You were not hungry.

You visited 1 branch of the dungeon, and saw 2 of its levels.

You collected 60 gold pieces.

Inventory:

Hand weapons
 e - a +1,+1 dwarven hand axe (weapon) {*Whiskercut*}
 k - a +4,+0 elven dagger
Missiles
 d - 21 arrows
 i - 51 stones (quivered)
 j - 36 sling bullets
 m - 9 sling bullets of frost
Armour
 a - a +0 robe (worn)
Comestibles
 n - a pear
Scrolls
 g - 3 scrolls of identify {unknown}
 h - a scroll of noise {unknown}
 l - a scroll of recharging {unknown}
 p - a scroll of enchant weapon I {unknown}
 q - a scroll of magic mapping {unknown}
 s - a scroll of random uselessness {unknown}
 u - a scroll of amnesia {unknown}
 v - a scroll of enchant armour {unknown}
Potions
 c - 3 potions of curing {unknown}
 f - a potion of speed {unknown}
 o - 2 potions of might {unknown}
 r - a potion of restore abilities {unknown}
 t - a potion of flight {unknown}
 w - a potion of heal wounds {unknown}
Books
 b - a book of Flames

   Spells                             Type                      Level
   *Flame Tongue                      Conjuration/Fire             1
   *Throw Flame                       Conjuration/Fire             2
   Conjure Flame                      Conjuration/Fire             3
   Inner Flame                        Hexes/Fire                   3
   Sticky Flame                       Conjuration/Fire             4
   Fireball                           Conjuration/Fire             5


   Skills:
 - Level 1.5 Dodging
 - Level 1.5 Stealth
 * Level 1.5 Spellcasting
 * Level 1.0 Conjurations
 * Level 3.3 Fire Magic


You had 2 spell levels left.
You knew the following spells:

 Your Spells              Type           Power        Failure   Level  Hunger
a - Flame Tongue          Conj/Fire      #....        12%         1    N/A
b - Throw Flame           Conj/Fire      #.....       14%         2    N/A

Dungeon Overview and Level Annotations

Branches:
Dungeon (2/27)

Altars:


Innate Abilities, Weirdness & Mutations

You do not eat or drink.
Your flesh is vulnerable to fire.
Your flesh is cold resistant.
You are immune to negative energy.
Your system is resistant to poisons.
You are immune to unholy pain and torment.
You can survive without breathing.


Message History

Press: ? - help, Shift-Dir - straight line, f/p - goblin
Aim: a goblin, wielding an orcish dagger The flame hits the goblin.
The goblin is moderately wounded.
The goblin shoots a stone.
The stone hits you!
You hit the goblin.
The goblin is almost dead.
The goblin hits you with an orcish dagger.
* * * LOW HITPOINT WARNING * * *
The goblin shoots a stone.
The stone hits you!
* * * LOW HITPOINT WARNING * * *
Casting: Flame Tongue
Confirm with . or Enter, or press ? or * to list all spells.
Aiming: Flame Tongue
Press: ? - help, Shift-Dir - straight line, f/p - goblin
Aim: a goblin, wielding an orcish dagger (almost dead)
The flame hits the goblin.
You kill the goblin!
The goblin shoots a stone.
The stone hits you!
You die...

)........... ###
#.########...# ..#
#.########...# #.#
#.#......#...# #.#
#.#......#...# #.#
#.#......#...# #.#
#.#....%.#...# ##. #.#
#.#......#...#
......#@###.#......%####
#?....g.)((..........####
.###..#######......%....
#.. ####+##.#.## #. #.#.#
#. #.# # # ... #.# #..


You could see a goblin.

Vanquished Creatures
  An adder (D:2)
  A giant mite (D:2)
  2 giant geckos
  2 bats
  2 giant cockroaches (D:2)
  4 goblins
  2 hobgoblins (D:1)
  3 kobolds
  A giant newt (D:2)
  5 rats
23 creatures vanquished.

Notes
Turn   | Place    | Note
--------------------------------------------------------------
     0 | D:1      | Chiseanne, the Mummy Fire Elementalist, began the quest for the Orb.
     0 | D:1      | Reached XP level 1. HP: 13/13 MP: 3/3
   477 | D:1      | Reached skill level 1 in Conjurations
   685 | D:1      | Reached XP level 2. HP: 14/19 MP: 0/4
  1210 | D:2      | Reached skill level 3 in Fire Magic
  1653 | D:2      | Reached XP level 3. HP: 21/24 MP: 5/5
  1792 | D:2      | Learned a level 2 spell: Throw Flame
  2063 | D:2      | Shot with a stone by a goblin

Action                   || total
-------------------------++-------
Melee: Unarmed           ||    15
       Hand axe          ||    29
 Cast: Flame Tongue      ||    35
